 Dungeon Crawl Stone Soup version 0.20.1-1-g8b1a95d (webtiles) character file.

63 letownia2 the Grave Robber (level 3, -3/28 HPs)
             Began as a Deep Dwarf Necromancer on Dec 23, 2017.
             Was an Initiate of Gozag.
             Slain by a gnoll
             ... wielding a +0 flail
              (8 damage)
             ... on level 3 of the Dungeon.
             The game lasted 00:03:44 (1300 turns).

letownia2 the Grave Robber (Deep Dwarf Necromancer) Turns: 1300, Time: 00:03:45

Health: -3/28      AC:  5    Str: 11    XL:     3   Next: 89%
Magic:  0/7        EV: 11    Int: 16    God:    Gozag
Gold:   33         SH:  0    Dex: 13    Spells: 3/7 levels left

rFire    . . .     SeeInvis .   (no weapon)
rCold    . . .     Gourm    .   (no shield)
rNeg     . . .     Faith    .   h - +0 ring mail
rPois    .         Spirit   .   (no helmet)
rElec    .         Reflect  .   (no cloak)
rCorr    .         Harm     .   (no gloves)
MR       .....                  (no boots)
Stlth    +.........             (no amulet)
Regen    0.0/turn               (no ring)
MPRegen  0.1/turn               (no ring)

@: non-regenerating
A: damage resistance, heal wounds, sense surroundings 1, no regeneration
a: Heal Wounds, Potion Petition, Call Merchant, Bribe Branch, Renounce Religion


You were on level 3 of the Dungeon.
You worshipped Gozag.
Gozag was noncommittal.
You were not hungry.

You visited 2 branches of the dungeon, and saw 5 of its levels.

You collected 108 gold pieces.
You paid 75 gold pieces to Gozag.

Inventory:

Hand Weapons
 k - a +0 hand crossbow
Armour
 a - a +0 robe
 d - a +0 leather armour
 h - a +0 ring mail (worn)
 n - a +0 buckler
Scrolls
 e - a scroll of blinking {unknown}
 g - a scroll of identify {unknown}
 i - 3 scrolls of teleportation {unknown}
 l - a scroll of remove curse {unknown}
Potions
 j - a potion of might {unknown}
 m - a potion of heal wounds {unknown}
 o - a potion of haste {unknown}
Books
 b - a book of Necromancy

   Spells                             Type                      Level
   a - Pain                           Necromancy                   1
   b - Animate Skeleton               Necromancy                   1
   c - Vampiric Draining              Necromancy                   3
   d - Regeneration                   Charms/Necromancy            3
   e - Animate Dead                   Necromancy                   4
   f - Control Undead                 Necromancy                   4
Comestibles
 c - 2 bread rations
 f - a royal jelly


   Skills:
 - Level 2.1 Dodging
 - Level 2.4 Stealth
 + Level 2.6 Spellcasting
 - Level 5.4 Necromancy


You had 3 spell levels left.
You knew the following spells:

 Your Spells              Type           Power        Failure   Level  Hunger
a - Pain                  Necr           ###.         4%          1    #......
v - Vampiric Draining     Necr           ###.......   16%         3    ###....


Dungeon Overview and Level Annotations

Branches:
Dungeon (4/15)             Temple (1/1) D:4

Altars:
Elyvilon
Gozag
Kikubaaqudgha
Nemelex Xobeh
Trog
Vehumet

Annotations:
D:3 OnekoMk1's ghost, amateur DEAE


Innate Abilities, Weirdness & Mutations

You are resistant to damage.
You can heal yourself by infusing magical energy.
You passively map a small area around you.
You do not regenerate.


Message History

Unknown command.
Unknown command.
You see here a club.
Casting: Pain
Confirm with . or Enter, or press ? or * to list all spells.
Aiming: Pain
Press: ? - help, Shift-Dir - straight line, f/p - gnoll
Aim: a gnoll, wielding a flail and wearing a shiny agate ring (heavily wounded, chance to defeat MR: 84%)
The gnoll writhes in agony!
The gnoll hits you with a flail!
* * * LOW HITPOINT WARNING * * *
Unknown command.
Unknown command.
Casting: Pain
Confirm with . or Enter, or press ? or * to list all spells.
Aiming: Pain
Press: ? - help, Shift-Dir - straight line, f/p - gnoll
Aim: a gnoll, wielding a flail and wearing a shiny agate ring (heavily wounded, chance to defeat MR: 84%)
The gnoll writhes in agony!
The gnoll hits you with a flail!
You die...
Your body crumbles into a pile of gold.

#........# * *
#.########## * #.#
#.. , #.# #.#######
.# #.# ##.......#
#.# #.# ###......#.#
#.# #.#
#.........(#######.#
..#
#.#................#
##### .##
#..........@g.K....#
.<.# .#
#..#<......#####...#
.... .# #..#.......#
#.....# ...# .#
#..###....##
#g##..######.## .#
#..####.#.#
#.##........... .#
#.........#
#.##......g.... .#
##.########
#K##..######K## .#
#.# *#.##..##.)K(.#
.## #.#
#.#.#..##.#####


You could see a gnoll and a kobold.

Vanquished Creatures
  2 adders (D:4)
  2 gnolls (D:3)
  2 bats
  3 giant cockroaches
  5 goblins
  2 hobgoblins
  4 jackals (D:4)
  2 kobolds (D:3)
  A rat (D:1)
23 creatures vanquished.

Notes
Turn   | Place    | Note
-------+----------+-------------------------------------------
     0 | D:1      | letownia2 the Deep Dwarf Necromancer began the quest for the Orb.
     0 | D:1      | Reached XP level 1. HP: 15/15 MP: 3/3
   305 | D:2      | Reached XP level 2. HP: 22/22 MP: 3/5
   642 | D:4      | Reached skill level 5 in Necromancy
   784 | D:4      | Reached XP level 3. HP: 17/28 MP: 0/6
   789 | D:4      | Learned a level 3 spell: Vampiric Draining
   916 | D:4      | Found a staircase to the Ecumenical Temple.
   923 | Temple   | Entered the Ecumenical Temple
   943 | Temple   | Became a worshipper of Gozag Ym Sagoz the Greedy
  1201 | D:3      | Noticed OnekoMk1's ghost (amateur DEAE)
  1300 | D:3      | Slain by a gnoll

Skill      XL: |  1  2 |
---------------+-------+-----
Spellcasting   | 2 |  2.6
Necromancy     | 5 |  5.4
Dodging        | |  2.1
Stealth        | |  2.4

Action                   || total
-------------------------++-------
Melee: Unarmed           ||     7
 Cast: Pain              ||    58
       Vampiric Draining ||     2
  Eat: Meat ration       ||     1
Armor: Ring mail         ||     6
Dodge: Dodged            ||    31
